 Dungeon Crawl Stone Soup version 0.30.1 (webtiles) character file.

Game seed: 2455906826288325410

71134 Perinia the Warrior (level 14, -12/133 (138) HPs)
             Began as a Minotaur Berserker on July 3, 2023.
             Was the Champion of Trog.
             Killed from afar by an ironbound thunderhulk (47 damage)
             ... with a bolt of lightning
             ... on level 1 of the Vaults on July 4, 2023.
             The game lasted 01:25:44 (21588 turns).

Perinia the Warrior (Minotaur Berserker)           Turns: 21588, Time: 01:25:44

HP:   -12/133 (138) AC: 23    Str: 28    XL:     14   Next: 96%
MP:   13/13         EV: 10    Int:  4    God:    Trog [******]
Gold: 1692          SH: 12    Dex:  9    Spells: 13/13 levels left

rFire   . . .        F - +6 shillelagh "Devastator" {shatter}
rCold   + . .        b - +0 kite shield
rNeg    . . .        k - +3 plate armour {Will+}
rPois   .            (helmet restricted)
rElec   .            m - +0 cloak
rCorr   .            (no gloves)
SInv    +            T - +2 pair of boots {Fly}
Will    ++...        (no amulet) Stlth
                     E - ring of see invisible
HPRegen 0.42/turn    J - ring of protection from cold
MPRegen 0.13/turn

%: no passive effects
@: silenced, flying, lightly drained
A: horns 2, retaliatory headbutt
a: Renounce Religion


You were on level 1 of the Vaults.
You worshipped Trog.
Trog was exalted by your worship.
You visited 5 branches of the dungeon, and saw 21 of its levels.
You also visited: Bailey.

You collected 2455 gold pieces.
You spent 763 gold pieces at shops.

Inventory:

Hand Weapons
 l - a +8 antimagic spear
 o - the +3 spear "Lueleina" {vamp, rPois rF+ rCorr}
   (You bought it in a shop on level 1 of the Dungeon)

   rF:        It protects you from fire.
   rPois:     It protects you from poison.
   rCorr:     It protects you from acid and corrosion.
 v - the +7 mace of Hag Ogrok {freeze, Str+4}
   (You bought it in a shop on level 1 of the Dungeon)

   Str:       It affects your strength (+4).
 A - a +0 arbalest
 F - the +6 shillelagh "Devastator" (weapon) {shatter}
   (You found it on level 5 of the Dungeon)
Missiles
 x - a throwing net
Armour
 b - a +0 kite shield (worn)
 k - a +3 plate armour of willpower (worn)
 m - a +0 cloak (worn)
 r - +0 acid dragon scales
 z - a +2 plate armour of fire resistance
 T - a +2 pair of boots of flying (worn)
Jewellery
 a - a ring of protection from cold
 E - a ring of see invisible (left hand)
 J - a ring of protection from cold (right hand)
 M - a ring of protection from fire
Wands
 p - a wand of iceblast (5)
 y - a wand of polymorph (13)
 D - a wand of mindburst (5)
 K - a wand of flame (49)
 S - a wand of charming (6)
Scrolls
 e - 5 scrolls of identify
 f - 2 scrolls of butterflies {unknown}
 h - 2 scrolls of teleportation
 i - 2 scrolls of acquirement {unknown}
 j - a scroll of torment {unknown}
 s - 3 scrolls of magic mapping
 t - a scroll of fear
 u - 3 scrolls of enchant armour
 G - 3 scrolls of blinking {unknown}
 P - 2 scrolls of poison {unknown}
 U - 2 scrolls of fog {unknown}
 W - 2 scrolls of silence
Potions
 c - 3 potions of brilliance {unknown}
 g - 3 potions of curing
 n - 4 potions of resistance
 q - a potion of degeneration {unknown}
 w - 2 potions of magic {unknown}
 C - 7 potions of ambrosia
 H - 3 potions of attraction {unknown}
 I - 2 potions of cancellation {unknown}
 L - 2 potions of invisibility {unknown}
 O - 5 potions of flight
 Q - 3 potions of might {unknown}
 R - 3 potions of haste
 Z - a potion of berserk rage {unknown}
Miscellaneous
 d - a phantom mirror
 V - a piece from Xom's chessboard (15/15)


   Skills:
 * Level 16.6 Fighting
 * Level 16.5 Maces & Flails
 + Level 1.1 Ranged Weapons
 + Level 11.7 Armour
 + Level 10.9 Dodging
 * Level 15.5 Shields


You had 13 spell levels left.
You didn't know any spells.
Your spell library was empty.

Dungeon Overview and Level Annotations

Branches:
Dungeon (13/15)            Temple (0/1) D:4            Lair (5/5) D:8
 Spider (0/4) Lair:3        Slime (1/5) Lair:5          Orc (1/2) D:9
 Vaults (1/5) D:13         Bailey (visited)
  Swamp: Lair:2-3    Shoals: Lair:2-3

Altars:
Ashenzari
Elyvilon
Makhleb
Nemelex Xobeh
Qazlal
Sif Muna
Uskayaw
Vehumet
Yredelemnul
Zin
The Shining One
Jiyva

Shops:
D:1 (((:   D:2 ?   D:6 *   D:8 !

Annotations:
Lair:3 Nessos


Innate Abilities, Weirdness & Mutations

You have a pair of horns on your head.
You reflexively headbutt those who attack you in melee.


Message History

Things that are here:
a deep troll corpse; a deep troll corpse
L - 2 smoky black potions (gained 1)
Found a condenser vane.
e - 5 scrolls of identify (gained 1)
You reach down and open the door.
There is an open door here.
An ironbound convoker comes into view. It is wielding a +0 great mace.
The ironbound convoker shouts!
The ironbound convoker begins to recite a word of recall!
The yaktaur is recalled.
The necromancer is recalled.
The yaktaur is recalled.
The necromancer is recalled.
The yaktaur is recalled.
The yaktaur captain is recalled.
The ironbound thunderhulk is recalled.
An ironbound thunderhulk comes into view.
It is wielding a +0 great mace.
The yaktaur captain wields an arbalest.
The yaktaur captain shoots a bolt.
You block the bolt.
A necromancer comes into view. It is wielding a +0 dagger.
The ironbound convoker points at the ironbound thunderhulk and mumbles some strange words.
The ironbound thunderhulk seems to grow stronger.
A necromancer comes into view. It is wielding a +0 dagger.
The necromancer points at you and mumbles some strange words.
The bolt of negative energy hits you!!
You feel drained.
A yaktaur comes into view.
You block the yaktaur's attack.
The yaktaur wields an arbalest.
The yaktaur shoots a bolt.
The bolt hits you!!
A yaktaur captain and 2 yaktaurs come into view.
The necromancer attacks as you move away!
The necromancer barely misses you. You furiously retaliate!
You headbutt the necromancer.
The yaktaur wields a +0 arbalest.
The yaktaur shoots a bolt.
The bolt hits you but does no damage.
Electricity crackles from the ironbound thunderhulk's apparatus.
The bolt of lightning hits you!!!
* * * LOW HITPOINT WARNING * * *
The yaktaur captain unwields a +0 arbalest.
You block the yaktaur captain's attack.
As you read the scroll of silence, it crumbles to dust.
A profound silence engulfs you. You block the necromancer's attack.
Electricity crackles from the ironbound thunderhulk's apparatus.
The bolt of lightning hits you!!!
You die...

#....########
#.}..#......#
#....#......#
#....#...O..#
#....#......#
#....#.pc...#
#....#...c..#
#....#cp....#
#....#.@pc..+
#....#......#
#....#......+
#....#......#
#....'......+
#....########
#....# #....#
#....#


You could see an ironbound thunderhulk (strong), a yaktaur captain, an ironbound
convoker (catching breath), 3 yaktaurs and 2 necromancers.

Vanquished Creatures
  2 ironbound preservers (Vaults:1)
  The ghost of Fractals the Fighter, a journeyman DsGl of Gozag (Lair:1)
  2 vault guards (D:13)
  2 hydras
  A catoblepas (Lair:3)
  An ice dragon (Lair:5)
  A boulder beetle (Lair:4)
  A two-headed ogre (D:6)
  Urug (Lair:1)
  A soul eater (D:9)
  3 skeletal warriors (D:12)
  2 sun demons (D:9)
  3 skysharks (Lair:5)
  The ghost of StarvingBeggar the Cudgeller, a novice FoFi of Okawaru (D:8)
  A sixfirhy (D:9)
  7 deep trolls (Vaults:1)
  A wizard (Vaults:1)
  An ironbound convoker (Vaults:1)
  2 lindwurms (Lair:5)
  2 orc knights
  Pikel (D:8)
  The ghost of erynZofia the Skirmisher, a novice GrHu of Okawaru (D:7)
  A wolf spider (Lair:5)
  3 ugly things (Vaults:1)
  4 cyclopes
  18 elephants
  A moth of wrath (Lair:1)
  Maurice (Orc:1)
  11 black mambas
  A guardian serpent (Lair:5)
  A vault sentinel (Vaults:1)
  5 torpor snails (Lair:5)
  A gargoyle (D:13)
  14 cane toads
  A rime drake (Lair:5)
  A kobold demonologist (D:12)
  3 yaktaurs (Vaults:1)
  5 komodo dragons
  An ice devil (D:9)
  A red devil (D:9)
  2 trolls
  A queen bee (Lair:1)
  Grinder (D:3)
  4 blink frogs (Lair:2)
  3 tyrant leeches (Lair:5)
  8 hornets (Lair:5)
  14 dream sheep
  A shadow (D:11)
  A vampire (D:12)
  12 wyverns
  A wraith (D:12)
  40 yaks
  A neqoxec (D:9)
  10 humans (D:13)
  4 vampire mosquitoes
  2 steam dragons
  4 basilisks
  3 redbacks (Lair:5)
  A chaos spawn (D:9)
  A spectral cane toad (Lair:3)
  3 wargs
  2 acid dragons
  17 water moccasins
  2 black bears (Lair:1)
  14 orc warriors
  2 ice beasts
  3 ogres
  4 centaurs
  3 wolves (Lair:3)
  4 lemures (D:8)
  A phantom (D:4)
  2 kobold brigands (D:12)
  12 bullfrogs
  A gnoll sergeant (D:9)
  4 scorpions
  14 wights
  26 killer bees
  2 electric eels
  A howler monkey (D:8)
  3 quasits (D:9)
  3 hounds
  4 jellies
  5 gnoll boudas
  10 orc priests
  12 human skeletons (Vaults:1)
  6 iguanas
  13 orc wizards
  6 hell rats (Lair:1)
  Robin (D:2)
  16 adders
  23 gnolls
  A river rat (D:6)
  A white imp (D:6)
  3 ufetubi
  3 worms
  A dart slug (D:3)
  53 orcs
  7 ball pythons
  6 bats
  3 endoplasms
  5 giant cockroaches
  21 goblins
  10 hobgoblins
  9 jackals
  4 quokkas
  2 frilled lizards
  16 kobolds
  3 rats
592 creatures vanquished.

Notes
Turn   | Place    | Note
-------+----------+-------------------------------------------
     0 | D:1      | Perinia the Minotaur Berserker began the quest for the Orb.
     0 | D:1      | Reached XP level 1. HP: 19/19 MP: 0/0
   133 | D:1      | Found Tyweixoc's Antique Weapon Boutique.
   199 | D:1      | Reached XP level 2. HP: 27/27 MP: 1/1
   199 | D:1      | Found Woityown's Antique Weapon Shop.
   351 | D:1      | Found Plog's Book Boutique.
   452 | D:1      | Reached ** piety under Trog
   482 | D:1      | Found Fuehoadaha's Antique Weapon Shoppe.
   618 | D:2      | Reached XP level 3. HP: 34/34 MP: 2/2
   979 | D:2      | Found Pontus's Magic Scroll Boutique.
  1010 | D:2      | Found a faded altar of an unknown god.
  1083 | D:2      | Reached XP level 4. HP: 30/41 MP: 3/3
  1316 | D:2      | Noticed Robin
  1423 | D:2      | Killed Robin
  1738 | D:3      | Noticed Grinder
  1744 | D:3      | Paralysed by Grinder for 5 turns
  1770 | D:3      | Paralysed by Grinder for 4 turns
  1781 | D:3      | Killed Grinder
  1782 | D:3      | Reached skill level 5 in Fighting
  1782 | D:3      | Reached skill level 5 in Maces & Flails
  1782 | D:3      | Reached XP level 5. HP: 15/50 MP: 4/4
  1782 | D:3      | Reached XP level 6. HP: 17/57 MP: 5/5
  2034 | D:3      | Found a white marble altar of Elyvilon.
  2035 | D:3      | Found a shimmering blue altar of Sif Muna.
  2036 | D:3      | Found a basalt altar of Yredelemnul.
  2037 | D:3      | Found a broken altar of Ashenzari.
  2037 | D:3      | Found a sparkling altar of Nemelex Xobeh.
  2039 | D:3      | Found a radiant altar of Vehumet.
  2039 | D:3      | Found a glowing golden altar of the Shining One.
  2040 | D:3      | Found a hide-covered altar of Uskayaw.
  2413 | D:1      | Bought a jewelled mace for 192 gold pieces
  2413 | D:1      | Identified the +7 mace of Hag Ogrok {freeze, Str+4} (You
                  | bought it in a shop on level 1 of the Dungeon)
  2528 | D:4      | Found a glowing silver altar of Zin.
  2611 | D:4      | Reached *** piety under Trog
  2796 | D:4      | Found a staircase to the Ecumenical Temple.
  2877 | D:4      | Reached skill level 1 in Shields
  2996 | D:4      | Reached XP level 7. HP: 59/64 MP: 6/6
  3512 | D:5      | Entered Level 5 of the Dungeon
  3769 | D:5      | Noticed a yak
  3770 | D:5      | Noticed a yak
  3770 | D:5      | Noticed a yak
  3770 | D:5      | Noticed a yak
  3770 | D:5      | Noticed a yak
  3770 | D:5      | Noticed a yak
  3777 | D:5      | Killed a yak
  3778 | D:5      | Reached XP level 8. HP: 73/73 MP: 7/7
  3780 | D:5      | Reached skill level 5 in Armour
  3791 | D:5      | Reached skill level 5 in Dodging
  3791 | D:5      | Reached skill level 5 in Shields
  3876 | D:5      | Reached **** piety under Trog
  3903 | D:5      | Found the +6 shillelagh "Devastator" {shatter}
  4199 | D:6      | Noticed a two-headed ogre
  4205 | D:6      | Reached XP level 9. HP: 77/82 MP: 8/8
  4229 | D:6      | Killed a two-headed ogre
  4870 | D:6      | Found Mathoih's Fire Supplies.
  5659 | D:7      | Found a runed translucent door.
  5723 | D:7      | Reached XP level 10. HP: 93/93 MP: 9/9
  6178 | D:7      | Noticed erynZofia's ghost (novice GrHu)
  6197 | D:7      | Killed erynZofia's ghost
  6198 | D:7      | Reached skill level 10 in Fighting
  6198 | D:7      | Reached skill level 10 in Maces & Flails
  6224 | D:8      | Noticed Pikel
  6233 | D:8      | Killed Pikel
  6473 | D:8      | Found a runed translucent door.
  6474 | D:8      | Noticed StarvingBeggar's ghost (novice FoFi)
  6540 | D:8      | Found a staircase to the Lair.
  6580 | D:8      | Found a flagged portal.
  6589 | Bailey   | Entered a bailey
  6797 | Bailey   | Noticed an orc knight
  6808 | Bailey   | Killed an orc knight
  7174 | D:8      | Found Gufoubif's Distillery.
  7703 | Lair:1   | Entered Level 1 of the Lair of Beasts
  7703 | Lair:1   | Noticed Fractals's ghost (journeyman DsGl)
  7703 | Lair:1   | Found a transporter.
  7707 | Lair:1   | Noticed a moth of wrath
  7827 | Lair:1   | Reached XP level 11. HP: 102/102 MP: 10/10
  7851 | Lair:1   | Reached ***** piety under Trog
  7907 | Lair:1   | Found a transporter.
  7997 | Lair:1   | Noticed Urug
  8253 | Lair:1   | Killed Urug
  8805 | Lair:1   | Reached skill level 10 in Shields
  9224 | Lair:1   | Killed Fractals's ghost
  9228 | Lair:1   | Identified the amulet of Makhleb's Anger {rC- Will- Regen+
                  | Str+3 Int+9}
  9816 | Lair:2   | Reached XP level 12. HP: 81/113 MP: 11/11
 10558 | Lair:3   | Noticed a catoblepas
 10573 | Lair:3   | Killed a catoblepas
 10780 | Lair:3   | Found a hole to the Spider Nest.
 10821 | Lair:3   | Noticed Nessos
 11606 | Lair:4   | Noticed a boulder beetle
 11613 | Lair:4   | Noticed a four-headed hydra
 11628 | Lair:4   | Killed a four-headed hydra
 11931 | Lair:4   | Killed a boulder beetle
 11932 | Lair:4   | Reached XP level 13. HP: 80/124 MP: 12/12
 12411 | Lair:5   | Entered Level 5 of the Lair of Beasts
 12654 | Lair:5   | Reached skill level 10 in Armour
 12767 | Lair:5   | Paralysed by a hornet for 1 turns
 13904 | Lair:5   | Reached skill level 15 in Fighting
 14267 | Lair:5   | Reached skill level 15 in Maces & Flails
 14380 | Lair:5   | Found a staircase to the Slime Pits.
 14382 | Lair:5   | Found a viscous altar of Jiyva.
 14792 | Lair:5   | Found a runed translucent door.
 15063 | Lair:5   | Reached skill level 10 in Dodging
 15113 | Lair:5   | Paralysed by a hornet for 1 turns
 15126 | Lair:5   | Reached XP level 14. HP: 15/135 MP: 13/13
 15128 | Lair:5   | HP: 4/135 [poisoned by a hornet]
 15453 | Lair:5   | Received a gift from Trog
 15458 | Lair:5   | Paralysed by a hornet for 3 turns
 15925 | Slime:1  | Entered Level 1 of the Pits of Slime
 16854 | D:9      | Found a staircase to the Orcish Mines.
 17175 | D:9      | HP: 2/126 [sun demon (10)]
 17205 | D:9      | HP: 4/126 [centaur/arrow (6)]
 17207 | D:9      | HP: 1/126 [centaur/arrow (4)]
 17209 | Orc:1    | Entered Level 1 of the Orcish Mines
 17724 | Orc:1    | Noticed Maurice
 17740 | Orc:1    | Killed Maurice
 18028 | D:8      | Killed StarvingBeggar's ghost
 18093 | D:8      | Bought a potion of curing for 45 gold pieces
 18093 | D:8      | Bought a potion of curing for 45 gold pieces
 18093 | D:8      | Bought a potion of haste for 150 gold pieces
 18291 | D:2      | Bought a scroll of silence for 123 gold pieces
 18368 | D:1      | Bought an ebony spear for 208 gold pieces
 18368 | D:1      | Identified the +3 spear "Lueleina" {vamp, rPois rF+ rCorr}
                  | (You bought it in a shop on level 1 of the Dungeon)
 18534 | D:10     | Entered Level 10 of the Dungeon
 19209 | D:10     | Found a burning altar of Makhleb.
 20063 | D:12     | Reached ****** piety under Trog
 20074 | D:12     | Found a stormy altar of Qazlal.
 20351 | D:12     | Received a gift from Trog
 20812 | D:13     | Reached skill level 15 in Shields
 20980 | D:13     | Found a gate to the Vaults.
 20989 | Vaults:1 | Entered Level 1 of the Vaults
 21066 | Vaults:1 | Noticed an ironbound preserver
 21078 | Vaults:1 | Killed an ironbound preserver
 21410 | Vaults:1 | Noticed an ironbound preserver
 21427 | Vaults:1 | Killed an ironbound preserver
 21442 | Vaults:1 | Reached skill level 1 in Ranged Weapons
 21586 | Vaults:1 | Noticed an ironbound thunderhulk
 21588 | Vaults:1 | Killed from afar by an ironbound thunderhulk

Illustrated notes

Levels and vault maps discovered:
D:1:      tarquinn_simple_flora_water_e, layout_basic, serial_shops, shop,
          nicolae_shop_behind_doors, nicolae_shop_waterfront, shop
D:2:      layout_loops_ring, serial_shops, shop,
          chequers_ecumenical_altar_simple, uniq_robin
D:3:      layout_rooms, grunt_temple_overflow_open, minmay_strange_pillars,
          minmay_diced_spiral, uniq_grinder
D:4:      layout_gridville, mainiacjoe_overflow_tiny_flanked,
          minmay_temple_entry_nine_rooms, serial_rivers,
          chequers_serial_rivers_room_b, chequers_serial_rivers_small_3,
          chequers_serial_rivers_small_3, chequers_serial_rivers_micro_d,
          chequers_serial_rivers_room_a, chequers_serial_rivers_small_b
D:5:      minmay_angry_zag, layout_basic, corexii_checkpoint_a
D:6:      layout_loops_ring, gup_sewer_entry_spiral, minmay_misc_feat_square,
          kennysheep_decorative_pillar, nicolae_shop_fire_sale
          [nicolae_sub_dead_trees], minmay_fractal_squares_diagonal_5
D:7:      layout_cave_pods, nicolae_overflow_hidden_temple,
          gammafunk_ghost_grave
D:8:      layout_loops_corners, david_lair_generic, ebering_ghost_inner_flame,
          enter_bailey_4, serial_shops, nicolae_shop_real_fake_doors,
          minivault_11, uniq_pikel
D:9:      layout_cave_pools, erik_orc_4, serial_demonic, serial_demonic_a,
          serial_demonic_c, serial_demonic_c, serial_demonic_e
D:10:     layout_roguey, minivault_4, david_defended_altar_orc
D:11:     layout_roguey, roderic_filled_cross, abandoned_shop
D:12:     layout_basic, grunt_qazlal_sundering
D:13:     nicolae_cairo_tiling_large, layout_basic, ximxim_vaults_locker_room,
          portal_ice_cave_entry_imps, nicolae_concentric_dashed_squares_wild
Lair:1:   layout_cave_pods, gammafunk_ghost_berserking_beasts, special_room
          [special_room_bee], fungi_pond_lemuel, infiniplex_staircase_pool,
          uniq_urug
Lair:2:   layout_chaotic_city
Lair:3:   layout_roguey, nicolae_swamp_entry_spooky, spider_nest_entry_webs,
          uniq_nessos
Lair:4:   layout_misc_corridors, chequers_serial_rivers_room_a,
          lemuel_fruit_fields
Lair:5:   wormcave, layout_layer_cave, hangedman_lair_tendril_chambers,
          slime_entry_1, serial_bayou_shore_a
Slime:1:  layout_caves
Orc:1:    layout_caves, uniq_maurice
Vaults:1: dpeg_vaults_monster_row, v_alt_pattern_6, ontoclasm_vaults_hangar,
          layout_vaults_omnigrid, serial_shops, shop

Skill      XL: |  1  2  3  4  5  6  7  8  9 10 11 12 13 14 |
---------------+-------------------------------------------+-----
Fighting       | 4 5 6 7 8 9 11 12 14 15 16 | 16.6
Armour         | 3 4 5 6 7 8 9 10 11 | 11.7
Maces & Flails | 4 5 6 7 8 9 11 12 13 15 16 | 16.5
Dodging        | 3 4 5 6 7 8 9 10 | 10.9
Shields        | 1 3 5 7 9 11 12 14 15 | 15.5
Ranged Weapons | 1 |  1.1

Action                     |  1- 3 |  4- 6 |  7- 9 | 10-12 | 13-15 || total
---------------------------+-------+-------+-------+-------+-------++-------
  Melee: Mace              |    27 |    28 |    80 |       |       ||   135
         Headbutt          |     9 |    11 |    32 |    78 |   136 ||   266
         Flail             |    43 |    62 |       |       |       ||   105
         Punch             |       |     1 |       |       |       ||     1
         Shillelagh        |       |       |    62 |   404 |   592 ||  1058
 Invoke: Trog's Hand       |       |     2 |     1 |     6 |     3 ||    12
         Berserk           |       |     1 |     3 |     4 |     5 ||    13
         Brothers in Arms  |       |       |       |     1 |       ||     1
    Use: Potion            |       |     1 |       |     6 |     6 ||    13
         Scroll            |       |       |       |    12 |    10 ||    22
 Armour: Animal skin       |    10 |       |       |       |       ||    10
         Ring mail         |     5 |    28 |       |       |       ||    33
         Plate armour      |       |     1 |    49 |   174 |   242 ||   466
  Dodge: Dodged            |    54 |    62 |    57 |   118 |   204 ||   495
  Block: Buckler           |       |       |    23 |    92 |   115 ||   230
         Kite shield       |       |       |       |       |    87 ||    87
